SAA
LITTLE CAESARS HOT N READYS @ DURHAM RAPIERS
05/06/2029
 
TOP OF THE 1ST
Little Caesars Hot N Readys batting - Pitching for Durham Rapiers : RHP Quinton Richards
Pitching: RHP Quinton Richards
Batting: LHB Pedro García 0-0: Ball
1-0: Fly out, F9 (Flyball, 9LM)
Batting: LHB Gilberto Moreno 0-0: Ball
1-0: Ground out 3-1 (Groundball, 34)
Batting: SHB Shiki Sanu 0-0: Called Strike
0-1: Fly out, F4 (Line Drive, 4M)
Top of the 1st over - 0 runs, 0 hits, 0 errors, 0 left on base; Little Caesars 0 - Durham 0
BOTTOM OF THE 1ST
Durham Rapiers batting - Pitching for Little Caesars Hot N Readys : RHP Kyuichi Hori
Pitching: RHP Kyuichi Hori
Batting: SHB Carlos Chávez 0-0: Ball
1-0: Ball
2-0: Ball
3-0: Base on Balls
Batting: SHB Anthony Hopkins 0-0: Ball
Carlos Chávez is caught stealing 2nd base
1-0: Fly out, F8 (Flyball, 8LM)
Batting: RHB Vincent Klein 0-0: Ball
1-0: SINGLE (Line Drive, 7S)
Batting: RHB Armando Chamú 0-0: Ball
1-0: Ball
2-0: Fielders Choice at 2nd, 5-4 (Groundball, 5L)
Bottom of the 1st over - 0 runs, 1 hit, 0 errors, 1 left on base; Little Caesars 0 - Durham 0
TOP OF THE 2ND
Little Caesars Hot N Readys batting - Pitching for Durham Rapiers : RHP Quinton Richards
Batting: SHB Keyveat Postell 0-0: Ball
1-0: Ball
2-0: Fly out, F4 (Popup, 13)
Batting: LHB Josh Platt 0-0: SINGLE (Groundball, 34D)
Batting: SHB Tony Gutiérrez 0-0: SINGLE (Groundball, 4MD)
Josh Platt to second
Runner from 2nd tries for 3rd, SAFE, no throw
Batting: RHB Lorenzo Ruíz 0-0: Called Strike
0-1: Ball
1-1: Ball
2-1: Called Strike
Tony Gutiérrez steals 2nd base
2-2: Ground out U3 (Groundball, 34S)
Josh Platt scores
Tony Gutiérrez to third
Batting: LHB Elian Gonzalez 0-0: Called Strike
0-1: Ball
1-1: Called Strike
1-2: Ball
2-2: Ground out 6-3 (Groundball, 56)
Top of the 2nd over - 1 run, 2 hits, 0 errors, 1 left on base; Little Caesars 1 - Durham 0
BOTTOM OF THE 2ND
Durham Rapiers batting - Pitching for Little Caesars Hot N Readys : RHP Kyuichi Hori
Batting: RHB Yoshi Kouda 0-0: Called Strike
0-1: Ball
1-1: Ball
2-1: Foul Ball, location: 2F
2-2: Foul Ball, location: 2F
2-2: Strikes out swinging
Batting: RHB Tomás Costello 0-0: Called Strike
0-1: Ball
1-1: Ground out 6-3 (Groundball, 6M)
Batting: RHB Jesús Cisneros 0-0: Called Strike
0-1: Ball
1-1: Called Strike
1-2: Ball
2-2: Reached on error, E3 (Groundball, 34)
Batting: SHB Cash Masters 0-0: Called Strike
0-1: Swinging Strike
0-2: Foul Ball, location: 2F
0-2: Ball
1-2: Ball
2-2: Foul Ball, location: 2F
2-2: Strikes out swinging
Bottom of the 2nd over - 0 runs, 0 hits, 1 error, 1 left on base; Little Caesars 1 - Durham 0
TOP OF THE 3RD
Little Caesars Hot N Readys batting - Pitching for Durham Rapiers : RHP Quinton Richards
Batting: SHB Dan Hunt 0-0: Foul Ball, location: 2F
0-1: SINGLE (Line Drive, 78M)
Batting: LHB Pedro García 0-0: Ball
1-0: Ball
2-0: Ball
3-0: Called Strike
3-1: Foul Ball, location: 2F
3-2: Fly out, F7 (Flyball, 7)
Batting: LHB Gilberto Moreno 0-0: Ball
1-0: Ball
2-0: Ball
3-0: Called Strike
3-1: Base on Balls
Dan Hunt to second
Batting: SHB Shiki Sanu 0-0: Called Strike
0-1: Fielders Choice at 2nd, 4-6 (Groundball, 4)
Dan Hunt to third
Batting: SHB Keyveat Postell 0-0: 3-RUN HOME RUN (Flyball, 89XD), Distance : 404 ft
Batting: LHB Josh Platt 0-0: Called Strike
0-1: Swinging Strike
0-2: Ball
1-2: Ground out 6-3 (Groundball, 6)
Top of the 3rd over - 3 runs, 2 hits, 0 errors, 0 left on base; Little Caesars 4 - Durham 0
BOTTOM OF THE 3RD
Durham Rapiers batting - Pitching for Little Caesars Hot N Readys : RHP Kyuichi Hori
Batting: RHB Raúl Moreno 0-0: Ball
1-0: Foul Ball, location: 2F
1-1: Ball
2-1: Ball
3-1: Called Strike
3-2: Foul Ball, location: 2F
3-2: SINGLE (Groundball, 56D)
Batting: SHB Carlos Chávez 0-0: Ball
1-0: Ball
2-0: Fielders Choice at 2nd, 4-6 (Groundball, 4)
Batting: SHB Anthony Hopkins 0-0: Ball
Carlos Chávez steals 2nd base
1-0: Ball
2-0: Foul Ball, location: 2F
2-1: SINGLE (Line Drive, 4MD)
Carlos Chávez to third
Runner from 3rd tries for Home, SAFE, no throw
Batting: RHB Vincent Klein 0-0: Foul Ball, location: 2F
0-1: Ball
1-1: Ball
2-1: Called Strike
2-2: Ball
3-2: SINGLE (Flyball, 7S)
Anthony Hopkins to second
Batting: RHB Armando Chamú 0-0: Ball
1-0: Grounds into double play, 6-4-3 (Groundball, 6M)
Bottom of the 3rd over - 1 run, 3 hits, 0 errors, 1 left on base; Little Caesars 4 - Durham 1
TOP OF THE 4TH
Little Caesars Hot N Readys batting - Pitching for Durham Rapiers : RHP Quinton Richards
Batting: SHB Tony Gutiérrez 0-0: Ball
1-0: Foul Ball, location: 2F
1-1: DOUBLE (Flyball, 89D)
Batting: RHB Lorenzo Ruíz 0-0: Foul Ball, location: 2F
0-1: DOUBLE (Groundball, 5L)
Tony Gutiérrez scores
Batting: LHB Elian Gonzalez 0-0: Called Strike
0-1: Ground out 5-3 (Groundball, 56S)
Lorenzo Ruíz to third
Batting: SHB Dan Hunt 0-0: Called Strike
0-1: Foul Ball, location: 2F
0-2: Ball
1-2: Strikes out swinging
Batting: LHB Pedro García 0-0: Called Strike
0-1: Ball
1-1: Foul Ball, location: 2F
1-2: Ground out 5-3 (Groundball, 5S)
Top of the 4th over - 1 run, 2 hits, 0 errors, 1 left on base; Little Caesars 5 - Durham 1
BOTTOM OF THE 4TH
Durham Rapiers batting - Pitching for Little Caesars Hot N Readys : RHP Kyuichi Hori
Batting: RHB Yoshi Kouda 0-0: Swinging Strike
0-1: Foul Ball, location: 2F
0-2: Fly out, F5 (Popup, 5F)
Batting: RHB Tomás Costello 0-0: Called Strike
0-1: Foul Ball, location: 2F
0-2: Ball
1-2: Fly out, F2 (Popup, 23F)
Batting: RHB Jesús Cisneros 0-0: Ball
1-0: Called Strike
1-1: Called Strike
1-2: Strikes out swinging
Bottom of the 4th over - 0 runs, 0 hits, 0 errors, 0 left on base; Little Caesars 5 - Durham 1
TOP OF THE 5TH
Little Caesars Hot N Readys batting - Pitching for Durham Rapiers : RHP Quinton Richards
Batting: LHB Gilberto Moreno 0-0: Ball
1-0: Foul Ball, location: 2F
1-1: Fly out, F9 (Flyball, 9)
Batting: SHB Shiki Sanu 0-0: Ball
1-0: Called Strike
1-1: Foul Ball, location: 2F
1-2: Fly out, F9 (Line Drive, 9)
Batting: SHB Keyveat Postell 0-0: Ball
1-0: Ball
2-0: Fly out, F7 (Flyball, 7S)
Top of the 5th over - 0 runs, 0 hits, 0 errors, 0 left on base; Little Caesars 5 - Durham 1
BOTTOM OF THE 5TH
Durham Rapiers batting - Pitching for Little Caesars Hot N Readys : RHP Kyuichi Hori
Batting: SHB Cash Masters 0-0: Called Strike
0-1: SOLO HOME RUN (Flyball, 7D), Distance : 381 ft
Batting: RHB Raúl Moreno 0-0: Ball
1-0: Ball
2-0: Ball
3-0: Base on Balls
Batting: SHB Carlos Chávez 0-0: Ball
1-0: Ball
2-0: Ball
3-0: Called Strike
3-1: Base on Balls
Raúl Moreno to second
Batting: SHB Anthony Hopkins 0-0: Ball
1-0: SINGLE (Line Drive, 6D)
Raúl Moreno to third
Carlos Chávez to second
Batting: RHB Vincent Klein 0-0: Ball
1-0: Swinging Strike
1-1: Foul Ball, location: 2F
1-2: Grounds into double play, 6-4-3 (Groundball, 6)
Raúl Moreno scores
Carlos Chávez to third
Batting: RHB Armando Chamú 0-0: Ball
1-0: Ball
2-0: Called Strike
2-1: Foul Ball, location: 2F
2-2: Ball
3-2: Foul Ball, location: 2F
3-2: Base on Balls
Batting: RHB Yoshi Kouda 0-0: Swinging Strike
0-1: Called Strike
0-2: Foul Ball, location: 2F
0-2: Foul Ball, location: 2F
0-2: Ball
1-2: Ball
2-2: Fielders Choice at 2nd, 6-4 (Groundball, 6)
Bottom of the 5th over - 2 runs, 2 hits, 0 errors, 2 left on base; Little Caesars 5 - Durham 3
TOP OF THE 6TH
Little Caesars Hot N Readys batting - Pitching for Durham Rapiers : RHP Quinton Richards
Batting: LHB Josh Platt 0-0: Called Strike
0-1: Ball
1-1: Fly out, F6 (Flyball, 56D)
Batting: SHB Tony Gutiérrez 0-0: Ball
1-0: Bunted foul
1-1: Ground out 5-3 (Groundball, 5)
Batting: RHB Lorenzo Ruíz 0-0: Called Strike
0-1: Ball
1-1: Ball
2-1: Fly out, F4 (Popup, 4MD)
Top of the 6th over - 0 runs, 0 hits, 0 errors, 0 left on base; Little Caesars 5 - Durham 3
BOTTOM OF THE 6TH
Durham Rapiers batting - Pitching for Little Caesars Hot N Readys : RHP Kyuichi Hori
Batting: RHB Tomás Costello 0-0: Called Strike
0-1: Swinging Strike
0-2: Foul Ball, location: 2F
0-2: Ball
1-2: SINGLE (Groundball, 56D)
Batting: RHB Jesús Cisneros 0-0: Bunted foul
0-1: Ball
1-1: Ball
2-1: Bunted foul
2-2: Ball
3-2: Base on Balls
Tomás Costello to second
Batting: SHB Cash Masters 0-0: Ball
1-0: Bunted foul
1-1: Bunted foul
1-2: Fly out, F6 (Popup, 4MD)
Pitching: LHP Iván Gonzáles
Batting: RHB Raúl Moreno 0-0: Ball
1-0: Foul Ball, location: 2F
1-1: SINGLE (Groundball, 6MD)
Tomás Costello to third
Jesús Cisneros to second
Runner from 3rd tries for Home, SAFE, no throw
Batting: SHB Carlos Chávez 0-0: Ball
1-0: Ball
2-0: Fly out, F8 (Flyball, 8RS)
Batting: SHB Anthony Hopkins 0-0: Called Strike
0-1: Fly out, F9 (Flyball, 9S)
Bottom of the 6th over - 1 run, 2 hits, 0 errors, 2 left on base; Little Caesars 5 - Durham 4
TOP OF THE 7TH
Little Caesars Hot N Readys batting - Pitching for Durham Rapiers : RHP Quinton Richards
Batting: LHB Elian Gonzalez 0-0: Ball
1-0: Swinging Strike
1-1: Foul Ball, location: 2F
1-2: Foul Ball, location: 2F
1-2: DOUBLE (Line Drive, 78M)
Batting: SHB Dan Hunt 0-0: Foul Ball, location: 2F
0-1: SINGLE (Groundball, 34D)
Elian Gonzalez to third
Pitching: RHP Javier Hernández
Batting: LHB Pedro García 0-0: Fly out, F9 (Flyball, 89S)
Batting: LHB Gilberto Moreno 0-0: Called Strike
0-1: Ball
1-1: Ball
2-1: Foul Ball, location: 2F
2-2: Ball
3-2: Base on Balls
Dan Hunt to second
Batting: SHB Shiki Sanu 0-0: Called Strike
0-1: Foul Ball, location: 2F
0-2: Foul Ball, location: 2F
0-2: Ball
1-2: Ball
2-2: Ball
3-2: Fly out, F8 (Flyball, 78M)
Runner from 3rd tags up, SCORES, throw made
Batting: SHB Keyveat Postell 0-0: Swinging Strike
0-1: Fielders Choice at 2nd, 5-4 (Groundball, 56)
Top of the 7th over - 1 run, 2 hits, 0 errors, 2 left on base; Little Caesars 6 - Durham 4
BOTTOM OF THE 7TH
Durham Rapiers batting - Pitching for Little Caesars Hot N Readys : LHP Iván Gonzáles
Batting: RHB Vincent Klein 0-0: Ball
1-0: Called Strike
1-1: Swinging Strike
1-2: Foul Ball, location: 2F
1-2: Foul Ball, location: 2F
1-2: Ball
2-2: Strikes out swinging
Batting: RHB Armando Chamú 0-0: Ball
1-0: SINGLE (Flyball, 89S)
Batting: RHB Yoshi Kouda 0-0: Ball
1-0: Foul Ball, location: 2F
1-1: Swinging Strike
1-2: Foul Ball, location: 2F
1-2: Strikes out looking
Batting: RHB Tomás Costello 0-0: Ball
1-0: Called Strike
1-1: SINGLE (Groundball, 6D)
Armando Chamú to second
Batting: RHB Jesús Cisneros 0-0: Ball
1-0: Ball
2-0: Swinging Strike
2-1: Swinging Strike
2-2: Ball
3-2: Base on Balls
Armando Chamú to third
Tomás Costello to second
Pinch Hitting: RHB Carlos Evangelho 0-0: Called Strike
0-1: Swinging Strike
0-2: Ball
1-2: Strikes out swinging
Bottom of the 7th over - 0 runs, 2 hits, 0 errors, 3 left on base; Little Caesars 6 - Durham 4
TOP OF THE 8TH
Little Caesars Hot N Readys batting - Pitching for Durham Rapiers : RHP Javier Hernández
Now in RF: Tomás Duarte
Batting: LHB Josh Platt 0-0: Ball
1-0: Ball
2-0: SINGLE (Flyball, 89M)
Batting: SHB Tony Gutiérrez 0-0: Bunted foul
0-1: Ball
1-1: Bunt missed!
1-2: Ball
2-2: SINGLE (Line Drive, 8LS)
Josh Platt to second
Batting: RHB Lorenzo Ruíz 0-0: Foul Ball, location: 2F
0-1: Ball
1-1: Fly out, F9 (Flyball, 9LSF)
Batting: LHB Elian Gonzalez 0-0: SINGLE (Groundball, 34D)
Josh Platt to third
Tony Gutiérrez to second
Runner from 3rd tries for Home, SAFE, no throw
Batting: SHB Dan Hunt 0-0: Ball
1-0: SINGLE (Groundball, 4MD)
Tony Gutiérrez to third
Elian Gonzalez to second
Runner from 3rd tries for Home, SAFE, throw made home
Pitching: RHP Cecil Beijeman
Batting: LHB Pedro García 0-0: Ball
1-0: Called Strike
1-1: Ball
2-1: Swinging Strike
2-2: Strikes out looking
Batting: LHB Gilberto Moreno 0-0: Called Strike
0-1: Swinging Strike
0-2: Ball
1-2: Foul Ball, location: 2F
1-2: Ball
2-2: Fly out, F8 (Line Drive, 8RM)
Top of the 8th over - 2 runs, 4 hits, 0 errors, 2 left on base; Little Caesars 8 - Durham 4
BOTTOM OF THE 8TH
Durham Rapiers batting - Pitching for Little Caesars Hot N Readys : LHP Iván Gonzáles
Batting: RHB Raúl Moreno 0-0: SINGLE (Groundball, 6MD)
Batting: SHB Carlos Chávez 0-0: Ball
1-0: Fly out, F9 (Flyball, 89M)
Batting: SHB Anthony Hopkins 0-0: Ball
1-0: Foul Ball, location: 2F
1-1: Foul Ball, location: 2F
1-2: Foul Ball, location: 2F
1-2: Fly out, F9 (Flyball, 89D)
Batting: RHB Vincent Klein 0-0: Ball
1-0: Ball
2-0: Ball
3-0: Called Strike
3-1: Base on Balls
Raúl Moreno to second
Batting: RHB Armando Chamú 0-0: Ball
1-0: Foul Ball, location: 2F
1-1: Foul Ball, location: 2F
1-2: Fly out, F9 (Flyball, 9)
Bottom of the 8th over - 0 runs, 1 hit, 0 errors, 2 left on base; Little Caesars 8 - Durham 4
TOP OF THE 9TH
Little Caesars Hot N Readys batting - Pitching for Durham Rapiers : RHP Cecil Beijeman
Batting: SHB Shiki Sanu 0-0: Ball
1-0: Ball
2-0: Ball
3-0: Base on Balls
Batting: SHB Keyveat Postell 0-0: Called Strike
0-1: Foul Ball, location: 2F
0-2: Ball
1-2: Foul Ball, location: 2F
1-2: Ball
2-2: Strikes out swinging
Batting: LHB Josh Platt 0-0: Foul Ball, location: 2F
0-1: Ball
1-1: Foul Ball, location: 2F
1-2: Strikes out looking
Batting: SHB Tony Gutiérrez 0-0: Called Strike
0-1: Foul Ball, location: 2F
0-2: Ball
1-2: Ground out 4-3 (Groundball, 34D)
Top of the 9th over - 0 runs, 0 hits, 0 errors, 1 left on base; Little Caesars 8 - Durham 4
BOTTOM OF THE 9TH
Durham Rapiers batting - Pitching for Little Caesars Hot N Readys : LHP Iván Gonzáles
Batting: RHB Yoshi Kouda 0-0: Ball
1-0: Ball
2-0: Ball
3-0: Called Strike
3-1: Foul Ball, location: 2F
3-2: Foul Ball, location: 2F
3-2: Foul Ball, location: 2F
3-2: Strikes out swinging
Batting: RHB Tomás Costello 0-0: Reached via error on a dropped throw, E3
Batting: RHB Jesús Cisneros 0-0: Foul Ball, location: 2F
0-1: SINGLE (Groundball, 4MD)
Tomás Costello to second
Batting: RHB Tomás Duarte 0-0: Foul Ball, location: 2F
0-1: Swinging Strike
0-2: Foul Ball, location: 2F
0-2: Ball
1-2: SINGLE (Line Drive, 6MD)
Tomás Costello to third
Jesús Cisneros to second
Batting: RHB Raúl Moreno 0-0: SINGLE (Line Drive, 8LS)
Tomás Costello scores
Jesús Cisneros to third
Tomás Duarte to second
Batting: SHB Carlos Chávez 0-0: Called Strike
0-1: Ball
1-1: Ball
2-1: Ball
3-1: Foul Ball, location: 2F
3-2: Foul Ball, location: 2F
3-2: Ground out 4-3 (Groundball, 4S)
Jesús Cisneros scores
Tomás Duarte to third
Raúl Moreno to second
Pinch Hitting: RHB Guillermo Mata 0-0: Ball
1-0: Ground out 3-1 (Groundball, 34S)
Bottom of the 9th over - 2 runs, 3 hits, 1 error, 2 left on base; Little Caesars 8 - Durham 6
Tuesday, December 19th, 2017 - OOTP Baseball 18.8 Build 76